 Dungeon Crawl Stone Soup version 0.29-a0-393-g47a863cc1b (webtiles) character file.

Game seed: 9959357118404709808

41 Lekart the Skirmisher (level 3, -5/33 HPs)
             Began as a Draconian Chaos Knight on May 10, 2022.
             Was a Plaything of Xom.
             Killed by divine providence
             ... invoked by an orc priest
              (12 damage)
             ... on level 2 of the Dungeon.
             The game lasted 00:02:23 (1158 turns).

Lekart the Skirmisher (Draconian Chaos Knight)      Turns: 1158, Time: 00:02:23

Health: -5/33      AC:  5    Str: 14    XL:     3   Next: 32%
Magic:  4/4        EV: 12    Int: 12    God:    Xom [..*...]
Gold:   0          SH:  0    Dex: 12    Spells: 4/4 levels left

rFire   . . .      SeeInvis .   a - +1 falchion (chaos)
rCold   . . .      Faith    .   (no shield)
rNeg    . . .      Spirit   .   (body armour unavailable)
rPois   .          Reflect  .   (helmet restricted)
rElec   .          Harm     .   (no cloak)
rCorr   .          Rampage  .   (no gloves)
Will    .....                   (no boots)
Stlth   +.........              (no amulet)
HPRegen 0.11/turn               (no ring)
MPRegen 0.09/turn               (no ring)

@: no status effects
A: AC +5, unfitting armour, cold-blooded
a: Renounce Religion


You were on level 2 of the Dungeon.
You worshipped Xom.
You were a toy of Xom.
You visited 1 branch of the dungeon, and saw 2 of its levels.

Inventory:

Hand Weapons
 a - a +1 falchion of chaos (weapon)
Scrolls
 f - a scroll of fear {unknown}
Potions
 c - a potion of ambrosia {unknown}
 d - a potion of resistance
Miscellaneous
 b - a piece from Xom's chessboard (15/15) (quivered)


   Skills:
 + Level 3.8 Fighting
 + Level 3.5 Long Blades
 + Level 2.3 Dodging
 * Level 1.0 Spellcasting


You had 4 spell levels left.
You didn't know any spells.
Your spell library was empty.

Dungeon Overview and Level Annotations

Branches:
Dungeon (2/15)

Altars:


Innate Abilities, Weirdness & Mutations

Your plain brown scales are hard. (AC +5)
You cannot fit into any form of body armour.
You are cold-blooded and may be slowed by cold attacks.


Message History

The orc hits your butterfly with a +0 flail.
Your butterfly dies!
Your butterfly disappears in a puff of smoke!
The orc priest completely misses you. The orc barely misses your butterfly.
The giant cockroach closely misses your butterfly.
Something hits your butterfly.
Your butterfly dies!
Your butterfly disappears in a puff of smoke!
The orc priest hits you with a +0 club.
* * * LOW HITPOINT WARNING * * *
The orc priest barely misses you.
You swap places.
Okay, then.
It was a potion of curing.
You feel better.
Xom thinks this is hilarious!
The orc priest calls down the wrath of Beogh upon you.
Pain shoots through your body!
* * * LOW HITPOINT WARNING * * *
The goblin barely misses your butterfly.
The orc priest looks braver for a moment.
Unknown command.
The kobold attacks as you move away! The kobold barely misses you.
The orc priest hits you but does no damage.
The orc misses your butterfly. The kobold misses your butterfly.
The goblin completely misses your butterfly.
The giant cockroach bites your butterfly.
Your butterfly dies!
Your butterfly disappears in a puff of smoke!
The orc priest completely misses something.
The orc priest attacks as you move away!
The orc priest hits you but does no damage.
There is a stone staircase leading down here.
You hit the orc priest.
The orc priest is lightly wounded.
The orc priest barely misses you. The gnoll misses your butterfly.
The orc priest calls down the wrath of Beogh upon you.
Beogh smites you!
You die...
Xom guffaws!

..+######.g......#
............#
#.#..#.#.o##
#.....Bgo.##
#.....g.......
#.##.##g####... #
#.##.g......#.#
..##.###.#####g#...# #
#...........@ob#...#
#.##.##.########...#
#.##.##.# #...#
........### #...# ..
..........######>..###..
....#####...............
... #............... .#
#)..............
#.#####....#.###


You could see an orc priest (fast) and a gnoll.

Vanquished Creatures
  An adder (D:2)
  A dart slug (D:1)
  2 endoplasms (D:1)
  A goblin (D:1)
  3 hobgoblins (D:1)
  3 jackals (D:1)
  A quokka (D:1)
  7 ball pythons
  4 bats (D:1)
  A frilled lizard (D:1)
  5 kobolds (D:1)
  2 rats (D:1)
31 creatures vanquished.

Notes
Turn   | Place    | Note
-------+----------+-------------------------------------------
     0 | D:1      | Lekart the Draconian Chaos Knight began the quest for the
                  | Orb.
     0 | D:1      | Reached XP level 1. HP: 19/19 MP: 1/1
    36 | D:1      | Found a faded altar of an unknown god.
   274 | D:1      | Reached XP level 2. HP: 22/26 MP: 2/2
   714 | D:1      | XOM: divination: detect creatures
   791 | D:1      | Reached XP level 3. HP: 32/33 MP: 4/4
   916 | D:1      | XOM: divination: detect creatures
  1132 | D:2      | Reached skill level 1 in Spellcasting
  1146 | D:2      | XOM: butterfly on damage
  1158 | D:2      | Killed from afar by an orc priest

Illustrated notes

Levels and vault maps discovered:
D:1:      dpeg_arrival_more_subterranean_lakeside_camping, layout_loops_ring,
          ebering_ecumenical_altar_mist
D:2:      layout_loops_cross, minmay_3d_cube

Skill      XL: |  1  2  3 |
---------------+----------+-----
Spellcasting   | 1 |  1.0
Fighting       | |  3.8
Long Blades    | |  3.5
Dodging        | |  2.3

Action                   || total
-------------------------++-------
Melee: Falchion          ||    72
       Tailslap          ||     8
  Use: Scroll            ||     7
       Potion            ||     3
 Stab: Sleeping          ||     1
Armor: Skin              ||    26
Dodge: Dodged            ||    52

Table legend: (Time is in decaauts)
 A = Elapsed time spent in this place.
 B = Non-inter-level travel time spent in this place.
 C = Inter-level travel time spent in this place.
 D = Time resting spent in this place.
 E = Time spent auto-exploring this place.
 F = Levels seen in this place.
 G = Mean time per level.
                   A        B        C        D        E       F      G
               +--------+--------+--------+--------+--------+-----+--------+
         Total |   1168 |   1141 |     27 |     55 |    874 |   2 |  584.0 |
       Dungeon |   1168 |   1141 |     27 |     55 |    874 |   2 |  584.0 |
               +--------+--------+--------+--------+--------+-----+--------+

Top non-repeatable levels by time:
     D:1: 1079 daAuts
     D:2: 88 daAuts
